PCL
SAN JOSE MISSIONS @ HOUSTON HAMMERTIME
04/08/2023
 
TOP OF THE 1ST
San Jose Missions batting - Pitching for Houston Hammertime : RHP Norberto Méndez
Pitching: RHP Norberto Méndez
Batting: RHB Peyton Pennington 0-0: Ball
1-0: Bunt for hit - play at first, batter safe!
Batting: LHB Mel Jones 0-0: Called Strike
0-1: Ball
1-1: Ball
2-1: Ball
3-1: Grounds into double play, 4-6-3 (Groundball, 4)
Batting: RHB Ed Starr 0-0: Ball
1-0: Ball
2-0: Ball
3-0: Called Strike
3-1: Base on Balls
Batting: RHB Chang-geun Kim 0-0: Foul Ball, location: 2F
0-1: Ball
1-1: Swinging Strike
1-2: Strikes out swinging
Top of the 1st over - 0 run(s), 1 hit(s), 0 error(s), 1 left on base; San Jose 0 - Houston 0
BOTTOM OF THE 1ST
Houston Hammertime batting - Pitching for San Jose Missions : LHP Floyd Dye
Pitching: LHP Floyd Dye
Batting: RHB Moo-hyun Pak 0-0: Ball
1-0: Ground out 4-3 (Groundball, 4)
Batting: LHB José Villegas 0-0: Ball
1-0: Called Strike
1-1: Called Strike
1-2: Ball
2-2: Reached on error, E5 (Groundball, 56S)
Batting: RHB Buck Jones 0-0: Called Strike
0-1: Foul Ball, location: 2F
0-2: Ball
1-2: Ball
2-2: Ball
3-2: Base on Balls
Batting: RHB Emílio Carrillo 0-0: Ball
José Villegas steals 3rd base
Buck Jones to second
1-0: Foul Ball, location: 2F
1-1: Ground out 5-3 (Groundball, 5S)
Batting: LHB Tony Tavárez 0-0: Foul Ball, location: 2F
0-1: Foul Ball, location: 2F
0-2: Fly out, F9 (Line Drive, 9S)
Bottom of the 1st over - 0 run(s), 0 hit(s), 1 error(s), 2 left on base; San Jose 0 - Houston 0
TOP OF THE 2ND
San Jose Missions batting - Pitching for Houston Hammertime : RHP Norberto Méndez
Batting: LHB Raúl García 0-0: Called Strike
0-1: Foul Ball, location: 2F
0-2: Ball
1-2: Ball
2-2: Foul Ball, location: 2F
2-2: Fly out, F8 (Flyball, 78D)
Pitching: LHP Martín Reyes
Batting: LHB Félix García 0-0: Ground out U3 (Groundball, 3)
Batting: LHB Kieran Farris 0-0: Fly out, F9 (Flyball, 9M)
Top of the 2nd over - 0 run(s), 0 hit(s), 0 error(s), 0 left on base; San Jose 0 - Houston 0
BOTTOM OF THE 2ND
Houston Hammertime batting - Pitching for San Jose Missions : LHP Floyd Dye
Batting: LHB Fernando Camacho 0-0: Fly out, F9 (Flyball, 9D)
Batting: RHB Santo Cruz 0-0: Ball
1-0: Called Strike
1-1: Foul Ball, location: 2F
1-2: Ball
2-2: Strikes out looking
Batting: RHB Raúl Salas 0-0: Ball
1-0: Called Strike
1-1: Swinging Strike
1-2: Ground out 6-3 (Groundball, 6)
Bottom of the 2nd over - 0 run(s), 0 hit(s), 0 error(s), 0 left on base; San Jose 0 - Houston 0
TOP OF THE 3RD
San Jose Missions batting - Pitching for Houston Hammertime : LHP Martín Reyes
Batting: RHB Goro Tanabe 0-0: Ball
1-0: Ball
2-0: Called Strike
2-1: Ball
3-1: Base on Balls
Batting: RHB Josh Powell 0-0: Ball
1-0: DOUBLE (Line Drive, 9LS)
Goro Tanabe to third
Runner from 3rd tries for Home, throw and OUT!
Batting: RHB Peyton Pennington 0-0: Called Strike
0-1: Ball
1-1: Ball
2-1: DOUBLE (Line Drive, 78XD)
Josh Powell scores
Pitching: RHP Ramiro Rivera
Batting: LHB Mel Jones 0-0: Foul Ball, location: 2F
0-1: Called Strike
0-2: Foul Ball, location: 2F
0-2: TRIPLE (Line Drive, 9LM)
Peyton Pennington scores
Batting: RHB Ed Starr 0-0: Ball
1-0: Ball
2-0: Swinging Strike
2-1: Ball
3-1: Base on Balls
Pitching: RHP Júlio Martínez
Batting: RHB Chang-geun Kim 0-0: Foul Ball, location: 2F
0-1: Ball
1-1: Foul Ball, location: 2F
1-2: Ball
2-2: Strikes out looking
Batting: LHB Raúl García 0-0: Ball
1-0: Ball
2-0: Ball
3-0: Base on Balls
Ed Starr to second
Batting: LHB Félix García 0-0: Ball
1-0: SINGLE (Line Drive, 9S)
Mel Jones scores
Ed Starr to third
Raúl García to second
Runner from 3rd tries for Home, SAFE, no throw or cutoff
Batting: LHB Kieran Farris 0-0: Called Strike
0-1: Ground out 5-3 (Groundball, 56)
Top of the 3rd over - 4 run(s), 4 hit(s), 0 error(s), 2 left on base; San Jose 4 - Houston 0
BOTTOM OF THE 3RD
Houston Hammertime batting - Pitching for San Jose Missions : LHP Floyd Dye
Batting: RHB Mario Beltrán 0-0: Ball
1-0: Ball
2-0: SINGLE (Groundball, 34D)
Batting: RHB Moo-hyun Pak 0-0: Called Strike
Error on foul ball, E3
0-2: Ball
1-2: Foul Ball, location: 2F
1-2: Ball
2-2: Ball
3-2: Base on Balls
Mario Beltrán to second
Batting: LHB José Villegas 0-0: Ball
1-0: Called Strike
1-1: Fly out, F8 (Flyball, 8LM)
Batting: RHB Buck Jones 0-0: Foul Ball, location: 2F
0-1: Foul Ball, location: 2F
0-2: Ball
1-2: Fielders Choice at 2nd, 6-4 (Groundball, 6M)
Mario Beltrán to third
Batting: RHB Emílio Carrillo 0-0: Ball
1-0: Called Strike
1-1: Ball
2-1: Ball
3-1: Called Strike
3-2: Foul Ball, location: 2F
3-2: Ground out 6-3 (Groundball, 6)
Bottom of the 3rd over - 0 run(s), 1 hit(s), 1 error(s), 2 left on base; San Jose 4 - Houston 0
TOP OF THE 4TH
San Jose Missions batting - Pitching for Houston Hammertime : RHP Júlio Martínez
Batting: RHB Goro Tanabe 0-0: Called Strike
0-1: SINGLE (Line Drive, 56D)
Batting: RHB Josh Powell 0-0: Called Strike
0-1: Ball
1-1: Foul Ball, location: 2F
1-2: SINGLE (Flyball, 9LS)
Goro Tanabe to second
Runner from 2nd tries for 3rd, SAFE, throw made to third
Batting: RHB Peyton Pennington 0-0: Ball
1-0: SINGLE (Groundball, 5D)
Goro Tanabe scores
Josh Powell to second
Batting: LHB Mel Jones 0-0: Ball
1-0: Ball
2-0: Ball
3-0: Called Strike
3-1: Base on Balls
Josh Powell to third
Peyton Pennington to second
Batting: RHB Ed Starr 0-0: Called Strike
0-1: Foul Ball, location: 2F
0-2: Ball
1-2: Ball
2-2: Foul Ball, location: 2F
2-2: Ball
3-2: SINGLE (Groundball, 56D)
Josh Powell scores
Peyton Pennington to third
Mel Jones to second
Runner from 3rd tries for Home, SAFE, no throw or cutoff
Batting: RHB Chang-geun Kim 0-0: Called Strike
0-1: Fly out, F4 (Line Drive, 4)
0-1: Fly out, F4 (Line Drive, 4)
Batting: LHB Raúl García 0-0: Called Strike
0-1: Ball
1-1: Foul Ball, location: 2F
1-2: Ball
2-2: Ball
3-2: Foul Ball, location: 2F
3-2: Foul Ball, location: 2F
3-2: Foul Ball, location: 2F
3-2: Foul Ball, location: 2F
3-2: Strikes out swinging
Batting: LHB Félix García 0-0: Swinging Strike
0-1: SINGLE (Line Drive, 89S)
Mel Jones to third
Ed Starr to second
Batting: LHB Kieran Farris 0-0: SINGLE (Line Drive, 34)
Mel Jones scores
Ed Starr to third
Félix García to second
Runner from 3rd tries for Home, SAFE, no throw or cutoff
Batting: RHB Goro Tanabe 0-0: Called Strike
0-1: Ball
1-1: Fly out, F7 (Line Drive, 78S)
Top of the 4th over - 5 run(s), 6 hit(s), 0 error(s), 2 left on base; San Jose 9 - Houston 0
BOTTOM OF THE 4TH
Houston Hammertime batting - Pitching for San Jose Missions : LHP Floyd Dye
Batting: LHB Tony Tavárez 0-0: Called Strike
0-1: Swinging Strike
0-2: Foul Ball, location: 2F
0-2: SINGLE (Flyball, 7S)
Batting: LHB Fernando Camacho 0-0: Foul Ball, location: 2F
0-1: Fly out, F8 (Flyball, 8RS)
Batting: RHB Santo Cruz 0-0: Called Strike
0-1: Ball
1-1: Ball
Tony Tavárez steals 2nd base
2-1: Ball
3-1: Swinging Strike
3-2: SINGLE (Groundball, 4MD)
Tony Tavárez to third
Runner from 3rd tries for Home, SAFE, no throw or cutoff
Batting: RHB Raúl Salas 0-0: Called Strike
0-1: Foul Ball, location: 2F
0-2: Ball
1-2: Foul Ball, location: 2F
1-2: Ball
2-2: Ball
3-2: Fly out, F8 (Flyball, 78S)
Batting: RHB Mario Beltrán 0-0: Called Strike
0-1: Ball
1-1: Ball
2-1: SINGLE (Groundball, 34D)
Santo Cruz to second
Runner from 2nd tries for 3rd, SAFE, no throw or cutoff
Batting: RHB Moo-hyun Pak 0-0: Called Strike
0-1: Ball
1-1: Ball
2-1: Ball
3-1: Called Strike
3-2: Ground out 6-3 (Groundball, 6)
Bottom of the 4th over - 1 run(s), 3 hit(s), 0 error(s), 2 left on base; San Jose 9 - Houston 1
TOP OF THE 5TH
San Jose Missions batting - Pitching for Houston Hammertime : RHP Júlio Martínez
Batting: RHB Josh Powell 0-0: SINGLE (Groundball, 6D)
Batting: RHB Peyton Pennington 0-0: Ball
1-0: Called Strike
1-1: Grounds into double play, 6-4-3 (Groundball, 6)
Batting: LHB Mel Jones 0-0: Called Strike
0-1: Ball
1-1: Foul Ball, location: 2F
1-2: Ball
2-2: Ball
3-2: Base on Balls
Pitching: RHP John Pick
Batting: RHB Ed Starr Balk!
Mel Jones to second
0-0: Ball
1-0: Ball
2-0: Called Strike
2-1: Ball
3-1: Foul Ball, location: 2F
3-2: Foul Ball, location: 2F
3-2: Base on Balls
Batting: RHB Chang-geun Kim 0-0: Foul Ball, location: 2F
0-1: Foul Ball, location: 2F
0-2: Ball
1-2: Fly out, F6 (Popup, 4M)
Top of the 5th over - 0 run(s), 1 hit(s), 0 error(s), 2 left on base; San Jose 9 - Houston 1
BOTTOM OF THE 5TH
Houston Hammertime batting - Pitching for San Jose Missions : LHP Floyd Dye
Batting: LHB José Villegas 0-0: Ball
1-0: SINGLE (Groundball, 6MD)
Batting: RHB Buck Jones 0-0: Foul Ball, location: 2F
0-1: Ball
1-1: Ball
2-1: Swinging Strike
2-2: Ground out 3-1 (Groundball, 34)
José Villegas to second
Batting: RHB Emílio Carrillo 0-0: Reached on error, E6 (Groundball, 6)
José Villegas to third
Batting: LHB Tony Tavárez 0-0: Swinging Strike
0-1: Called Strike
0-2: Ball
1-2: Foul Ball, location: 2F
1-2: Fly out, F8 (Flyball, 8LM)
1-2: Fly out, F8 (Flyball, 8LM)
Batting: LHB Fernando Camacho 0-0: Ball
1-0: Called Strike
1-1: Foul Ball, location: 2F
1-2: Hit by Pitch
Emílio Carrillo to second
Batting: RHB Santo Cruz 0-0: Ball
1-0: Called Strike
1-1: Called Strike
1-2: Foul Ball, location: 2F
1-2: Ground out 1-3 (Groundball, 13S)
Bottom of the 5th over - 0 run(s), 1 hit(s), 1 error(s), 3 left on base; San Jose 9 - Houston 1
TOP OF THE 6TH
San Jose Missions batting - Pitching for Houston Hammertime : RHP John Pick
Batting: LHB Raúl García 0-0: Swinging Strike
0-1: Ball
1-1: Swinging Strike
1-2: Ground out 4-3 (Groundball, 34D)
Batting: LHB Félix García 0-0: SINGLE (Line Drive, 4MD)
Batting: LHB Kieran Farris 0-0: Ball
1-0: Swinging Strike
1-1: Grounds into double play, 5-4-3 (Groundball, 5)
Top of the 6th over - 0 run(s), 1 hit(s), 0 error(s), 0 left on base; San Jose 9 - Houston 1
BOTTOM OF THE 6TH
Houston Hammertime batting - Pitching for San Jose Missions : LHP Floyd Dye
Batting: RHB Raúl Salas 0-0: Ball
1-0: Ball
2-0: Foul Ball, location: 2F
2-1: Foul Ball, location: 2F
2-2: Ball
3-2: Base on Balls
Batting: RHB Mario Beltrán 0-0: Ball
1-0: Ball
2-0: Foul Ball, location: 2F
2-1: DOUBLE (Line Drive, 9LS)
Raúl Salas to third
Batting: RHB Moo-hyun Pak 0-0: Ball
1-0: Ball
2-0: Ball
3-0: Called Strike
3-1: Foul Ball, location: 2F
3-2: Base on Balls
Batting: LHB José Villegas 0-0: Ball
1-0: Ball
2-0: Fly out, F9 (Flyball, 89M)
Runner from 3rd tags up, SCORES, throw made
Batting: RHB Buck Jones 0-0: Ball
Wild Pitch!
Mario Beltrán to third
Moo-hyun Pak to second
1-0: SINGLE (Groundball, 5L)
Mario Beltrán scores
Moo-hyun Pak to third
Runner from 3rd tries for Home, SAFE, no throw or cutoff
Pitching: RHP Gabriel Moore
Batting: RHB Emílio Carrillo 0-0: Foul Ball, location: 2F
0-1: Swinging Strike
0-2: Strikes out swinging
Pitching: RHP Oliver Meléndez
Batting: LHB Tony Tavárez 0-0: Fly out, F6 (Line Drive, 6M)
Bottom of the 6th over - 3 run(s), 2 hit(s), 0 error(s), 1 left on base; San Jose 9 - Houston 4
TOP OF THE 7TH
San Jose Missions batting - Pitching for Houston Hammertime : RHP John Pick
Batting: RHB Goro Tanabe 0-0: SINGLE (Line Drive, 4MD)
Batting: RHB Josh Powell 0-0: Ball
1-0: Fly out, F5 (Line Drive, 5)
Batting: RHB Peyton Pennington 0-0: Called Strike
0-1: Swinging Strike
0-2: Ball
1-2: SINGLE (Line Drive, 6MD)
Goro Tanabe to second
Batting: LHB Mel Jones 0-0: Called Strike
0-1: Fly out, F7 (Flyball, 7D)
Runner from 2nd tags up, SAFE at 3rd, no throw
Batting: RHB Ed Starr 0-0: Ball
1-0: Ball
2-0: Ball
3-0: Called Strike
3-1: Foul Ball, location: 2F
3-2: SINGLE (Groundball, 34D)
Goro Tanabe scores
Peyton Pennington to second
Peyton Pennington to third
Batting: RHB Chang-geun Kim 0-0: Foul Ball, location: 2F
0-1: Ball
Wild Pitch!
Peyton Pennington scores
Ed Starr to second
1-1: Foul Ball, location: 2F
1-2: Ball
2-2: Ball
Wild Pitch!
Ed Starr to third
3-2: Base on Balls
Batting: LHB Raúl García 0-0: Ball
1-0: Ball
2-0: Ball
3-0: Called Strike
3-1: Foul Ball, location: 2F
3-2: Base on Balls
Chang-geun Kim to second
Batting: LHB Félix García 0-0: Called Strike
0-1: Ball
1-1: SINGLE (Flyball, 9S)
Ed Starr scores
Chang-geun Kim to third
Raúl García to second
Runner from 3rd tries for Home, SAFE, throw made at trailing runner, OUT at third!
Top of the 7th over - 4 run(s), 4 hit(s), 0 error(s), 1 left on base; San Jose 13 - Houston 4
BOTTOM OF THE 7TH
Houston Hammertime batting - Pitching for San Jose Missions : RHP Oliver Meléndez
Batting: LHB Fernando Camacho 0-0: Called Strike
0-1: Ball
1-1: Ball
2-1: Fly out, F8 (Flyball, 78D)
Batting: RHB Santo Cruz 0-0: Ball
1-0: Foul Ball, location: 2F
1-1: Ball
2-1: Called Strike
2-2: Ball
3-2: Foul Ball, location: 2F
3-2: Base on Balls
Batting: RHB Raúl Salas 0-0: Called Strike
0-1: Ball
1-1: SINGLE (Groundball, 56)
Santo Cruz to second
Batting: RHB Mario Beltrán 0-0: Swinging Strike
0-1: Ball
1-1: Ball
2-1: Ball
3-1: Fly out, F8 (Popup, 6MD)
Batting: RHB Moo-hyun Pak 0-0: Fielders Choice at 2nd, U6 (Groundball, 6M)
Bottom of the 7th over - 0 run(s), 1 hit(s), 0 error(s), 2 left on base; San Jose 13 - Houston 4
TOP OF THE 8TH
San Jose Missions batting - Pitching for Houston Hammertime : RHP John Pick
Batting: LHB Kieran Farris 0-0: Ball
1-0: Ball
2-0: Foul Ball, location: 2F
2-1: SINGLE (Line Drive, 6M)
Batting: RHB Goro Tanabe 0-0: Bunted foul
0-1: Sac Bunt - play at first, batter OUT! 3-4
Kieran Farris to second
Batting: RHB Josh Powell 0-0: Called Strike
0-1: Called Strike
0-2: Ball
1-2: Ball
2-2: Ball
3-2: Foul Ball, location: 2F
3-2: SINGLE (Line Drive, 89S)
Kieran Farris to third
Runner from 3rd tries for Home, SAFE, throw made home
Josh Powell to second
Batting: RHB Peyton Pennington 0-0: Ball
1-0: Ball
2-0: Called Strike
2-1: Ball
3-1: Base on Balls
Batting: LHB Mel Jones 0-0: SINGLE (Groundball, 56D) (infield hit)
Josh Powell to third
Peyton Pennington to second
Batting: RHB Ed Starr 0-0: Called Strike
0-1: Ball
1-1: Ball
2-1: Swinging Strike
2-2: Ball
3-2: Base on Balls
Josh Powell scores
Peyton Pennington to third
Mel Jones to second
Batting: RHB Chang-geun Kim 0-0: Ground out 5-3 (Groundball, 56S)
Peyton Pennington scores
Mel Jones to third
Ed Starr to second
Batting: LHB Raúl García 0-0: SINGLE (Line Drive, 4MD)
Mel Jones scores
Ed Starr to third
Runner from 3rd tries for Home, SAFE, no throw or cutoff
Batting: LHB Félix García 0-0: Ball
Wild Pitch!
Raúl García to second
1-0: Ball
2-0: Ball
3-0: Base on Balls
Batting: LHB Kieran Farris Balk!
Raúl García to third
Félix García to second
0-0: Called Strike
0-1: Ball
1-1: Swinging Strike
1-2: Ground out 5-3 (Groundball, 5L)
Top of the 8th over - 5 run(s), 4 hit(s), 0 error(s), 2 left on base; San Jose 18 - Houston 4
BOTTOM OF THE 8TH
Houston Hammertime batting - Pitching for San Jose Missions : RHP Oliver Meléndez
Now at 1B: Jim Brown
Now at 3B: Bobby Brewster
Batting: LHB José Villegas 0-0: Called Strike
0-1: SINGLE (Groundball, 4MD)
Pinch Hitting: LHB Felipe Cruz 0-0: Ball
1-0: Ball
Wild Pitch!
José Villegas to second
2-0: Ball
3-0: Called Strike
3-1: Base on Balls
Batting: RHB Emílio Carrillo 0-0: Ball
1-0: Called Strike
1-1: Ball
2-1: Ball
3-1: Foul Ball, location: 2F
3-2: Foul Ball, location: 2F
3-2: Base on Balls
José Villegas to third
Felipe Cruz to second
Batting: LHB Tony Tavárez 0-0: Called Strike
0-1: Ball
1-1: Grounds into double play, 4-6-3 (Groundball, 4)
José Villegas scores
Felipe Cruz to third
Batting: LHB Fernando Camacho 0-0: 2-RUN HOME RUN (Flyball, 89XD), Distance : 405 ft
Batting: RHB Santo Cruz 0-0: Foul Ball, location: 2F
0-1: Ball
1-1: Ball
2-1: DOUBLE (Line Drive, 78D)
Batting: RHB Raúl Salas 0-0: Ball
1-0: Called Strike
1-1: Called Strike
1-2: Foul Ball, location: 2F
1-2: Ball
2-2: Ball
3-2: Ground out 6-3 (Groundball, 6)
Bottom of the 8th over - 3 run(s), 3 hit(s), 0 error(s), 1 left on base; San Jose 18 - Houston 7
TOP OF THE 9TH
San Jose Missions batting - Pitching for Houston Hammertime : RHP John Pick
Now in CF: Felipe Cruz
Batting: RHB Goro Tanabe 0-0: Ball
1-0: Called Strike
1-1: Called Strike
1-2: Ball
2-2: Foul Ball, location: 2F
2-2: Foul Ball, location: 2F
2-2: Foul Ball, location: 2F
2-2: Ball
3-2: SINGLE (Groundball, 5L)
Batting: RHB Josh Powell 0-0: Ball
1-0: Ball
Goro Tanabe steals 2nd base
2-0: Ball
3-0: Called Strike
3-1: Base on Balls
Batting: RHB Peyton Pennington 0-0: Sac Bunt - play at first, batter OUT! 2-3
Goro Tanabe to third
Josh Powell to second
Batting: LHB Mel Jones 0-0: Ball
1-0: Ball
2-0: Ball
3-0: Base on Balls
Pitching: RHP Pedro Meza
Batting: RHB Ed Starr 0-0: SINGLE (Groundball, 6MD) (infield hit)
Goro Tanabe scores
Josh Powell to third
Mel Jones to second
Batting: RHB Chang-geun Kim 0-0: Ball
1-0: Called Strike
1-1: Ball
2-1: Ball
3-1: Base on Balls
Josh Powell scores
Mel Jones to third
Ed Starr to second
Batting: RHB Bobby Brewster 0-0: Swinging Strike
0-1: Ball
1-1: Ball
2-1: Ball
3-1: Base on Balls
Mel Jones scores
Ed Starr to third
Chang-geun Kim to second
Batting: LHB Félix García 0-0: Ball
Wild Pitch!
Ed Starr scores
Chang-geun Kim to third
Bobby Brewster to second
1-0: SINGLE (Groundball, 4MD)
Chang-geun Kim scores
Bobby Brewster to third
Batting: RHB Jim Brown 0-0: Called Strike
0-1: Ball
1-1: Called Strike
1-2: Fly out, F7 (Flyball, 78M)
1-2: Fly out, F7 (Flyball, 78M)
Batting: RHB Goro Tanabe 0-0: Fielders Choice at 2nd, U6 (Groundball, 6M)
Top of the 9th over - 5 run(s), 3 hit(s), 0 error(s), 2 left on base; San Jose 23 - Houston 7
BOTTOM OF THE 9TH
Houston Hammertime batting - Pitching for San Jose Missions : RHP Oliver Meléndez
Batting: RHB Mario Beltrán 0-0: Ball
1-0: Foul Ball, location: 2F
1-1: SINGLE (Line Drive, 8RS)
Batting: RHB Moo-hyun Pak 0-0: Foul Ball, location: 2F
0-1: Ball
1-1: Foul Ball, location: 2F
1-2: Ball
2-2: Ground out 5-3 (Groundball, 5S)
Mario Beltrán to second
Batting: LHB José Villegas 0-0: Ball
1-0: Ball
2-0: Swinging Strike
2-1: Foul Ball, location: 2F
2-2: Ball
3-2: Foul Ball, location: 2F
3-2: SINGLE (Flyball, 9S)
Mario Beltrán to third
Runner from 3rd tries for Home, SAFE, throw made home
José Villegas to second
Pitching: RHP Danny Wheeler
Batting: LHB Felipe Cruz 0-0: Ball
1-0: Ball
2-0: Swinging Strike
Passed Ball!
José Villegas to third
2-1: Called Strike
2-2: Strikes out swinging
Batting: RHB Emílio Carrillo 0-0: Ball
1-0: Called Strike
1-1: Fly out, F3 (Popup, 3DF)
Bottom of the 9th over - 1 run(s), 2 hit(s), 0 error(s), 1 left on base; San Jose 23 - Houston 8
This league is powered by Out of the Park Baseball, the baseball management simulation game for PC, Mac and Linux
Wednesday, December 2nd, 2015 - OOTP Baseball 16.8 Build 38